 Dungeon Crawl Stone Soup version 0.21.0-3-g78d12a8 (webtiles) character file.

114 theanonym the Grave Robber (level 4, 0/33 HPs)
             Began as a Demigod Necromancer on Jan 14, 2018.
             Slain by an orc wizard
             ... wielding a +0 dagger
              (3 damage)
             ... on level 3 of the Dungeon.
             The game lasted 00:04:03 (2686 turns).

theanonym the Grave Robber (Demigod Necromancer)    Turns: 2686, Time: 00:04:03

Health: 0/33       AC:  5    Str: 11    XL:     4   Next: 41%
Magic:  5/9        EV: 11    Int: 21    God:
Gold:   118        SH:  0    Dex: 16    Spells: 2/6 levels left

rFire    . . .     SeeInvis .   k - +0 short sword
rCold    . . .     Gourm    .   (no shield)
rNeg     . . .     Faith    .   j - +0 ring mail {7}
rPois    .         Spirit   .   (no helmet)
rElec    .         Reflect  .   (no cloak)
rCorr    .         Harm     .   (no gloves)
MR       .....                  (no boots)
Stlth    +.........             (no amulet)
HPRegen  0.11/turn              (no ring)
MPRegen  0.11/turn              (no ring)

@: no status effects
A: high mp 1
a: no special abilities


Innate Abilities, Weirdness & Mutations

You have an increased reservoir of magic. (+10% MP)


   Skills:
 + Level 1.2 Armour
 - Level 1.7 Dodging
 - Level 1.7 Stealth
 - Level 1.7 Spellcasting
 + Level 5.3 Necromancy


You had 2 spell levels left.
You knew the following spells:

 Your Spells              Type           Power        Failure   Level  Hunger
a - Pain                  Necr           ###.         4%          1    #......
b - Vampiric Draining     Necr           ###.......   12%         3    ###....

Skill      XL: |  1  2  3  4 |
---------------+-------------+-----
Necromancy     | 4 5 |  5.3
Armour         | 1 |  1.2
Dodging        | |  1.7
Stealth        | |  1.7
Spellcasting   | |  1.7

Action                   |  1- 3 |  4- 6 || total
-------------------------+-------+-------++-------
Melee: Club              |    16 |       ||    16
       Short sword       |     2 |     2 ||     4
 Cast: Pain              |    90 |     7 ||    97
 Stab: Sleeping          |     1 |       ||     1
  Eat: Chunk             |     3 |       ||     3
       Ration            |     1 |       ||     1
Armor: Robe              |    11 |       ||    11
       Ring mail         |     2 |     3 ||     5
Dodge: Dodged            |    31 |     7 ||    38

Inventory:

Hand Weapons
 c - a +0 club
   (You took it off a hobgoblin on level 1 of the Dungeon)
 k - a +0 short sword (weapon)
   (You took it off a kobold on level 2 of the Dungeon)
Armour
 a - a +0 robe {0}
 j - a +0 ring mail (worn) {7}
   (You found it on level 2 of the Dungeon)
Jewellery
 d - an uncursed amulet of harm {unknown}
   (You found it on level 1 of the Dungeon)
Scrolls
 f - 2 scrolls of enchant weapon {unknown}
 g - a scroll of fear {unknown}
 i - a scroll of immolation {unknown}
 l - a scroll of enchant armour {unknown}
Potions
 w - a potion of curing
Books
 b - a book of Necromancy
Comestibles
 e - 3 rations
 h - 3 chunks of flesh


You were on level 3 of the Dungeon.
You were not hungry.

You visited 1 branch of the dungeon, and saw 3 of its levels.

You collected 118 gold pieces.

Dungeon Overview and Level Annotations

Branches:
Dungeon (3/15)

#. #...#..#.#.... #.#
#..........###
#.###..........# #
#..............# #
#............#####
#..##.###..#.###..
#..##.###..#.#....
...####.......#..#.#.#..
.......@o.)......#.#.#..
##.####o..<........#.#..
###....(o.#.ยง###.#..
.............>.......
..###..........######.
#..#######.# #.... #..#
#####.# #o### #..#
#.....###.... #..
#....)..o....


You could see an orc priest, an orc wizard and an orc.

Notes
Turn   | Place    | Note
-------+----------+-------------------------------------------
     0 | D:1      | theanonym the Demigod Necromancer began the quest for the Orb.
     0 | D:1      | Reached XP level 1. HP: 14/14 MP: 5/5
   237 | D:1      | Reached skill level 4 in Necromancy
   304 | D:1      | Reached XP level 2. HP: 18/20 MP: 4/7
   721 | D:1      | HP: 6/20 [dart slug/slug dart (5)]
  1018 | D:1      | Found a sparkling altar of Nemelex Xobeh.
  1120 | D:1      | HP: 8/20 [leopard gecko (3)]
  1150 | D:1      | HP: 3/20 [bat (1)]
  1169 | D:1      | Reached XP level 3. HP: 2/26 MP: 0/8
  1634 | D:1      | Learned a level 3 spell: Vampiric Draining
  1889 | D:2      | Reached skill level 5 in Necromancy
  2246 | D:2      | Found a deep blue altar of Sif Muna.
  2605 | D:3      | Reached XP level 4. HP: 30/33 MP: 5/9
  2661 | D:3      | Reached skill level 1 in Armour
  2685 | D:3      | HP: 3/33 [orc priest/divine providence (16)]
  2686 | D:3      | Slain by an orc wizard

Vanquished Creatures
  An orc priest (D:3)
  2 adders
  2 oozes
  A worm (D:2)
  A dart slug (D:1)
  2 leopard geckos
  An orc (D:3)
  A giant cockroach (D:2)
  9 goblins
  4 hobgoblins (D:1)
  4 jackals (D:1)
  A quokka (D:2)
  9 bats
  3 frilled lizards
  6 kobolds
  A quokka skeleton (D:3)
  5 rats
53 creatures vanquished.

Table legend:
 A = Turns spent in this place as a percentage of turns spent in the entire game.
 B = Non-inter-level travel turns spent in this place as a percentage of non-inter-level travel turns spent in the entire game.
 C = Inter-level travel turns spent in this place as a percentage of turns spent in this place.
 D = Turns resting spent in this place as a percentage of non-inter-level travel turns spent in this place.
 E = Turns spent auto-exploring this place as a percentage of non-inter-level travel turns spent in this place.
 F = Non-inter-level travel turns spent in this place divided by the number of levels of this place that you've seen.
                   A       B       C       D       E      F
               +-------+-------+-------+-------+-------+----------------------
         Total | 100.0 | 100.0 |   2.6 |  48.3 |  39.1 | 872.3
       Dungeon | 100.0 | 100.0 |   2.6 |  48.3 |  39.1 | 872.3
               +-------+-------+-------+-------+-------+----------------------
